 Dungeon Crawl Stone Soup version 0.30.0-13-g156ef70053 (webtiles) character file.

Game seed: 15884731372395067573

108 browni3141 the Firebug (level 4, -2/30 HPs)
             Began as a Demonspawn Fire Elementalist on May 17, 2023.
             Slain by a scorpion (7 damage)
             ... on level 6 of the Dungeon.
             The game lasted 00:02:59 (2936 turns).

browni3141 the Firebug (DsFE)                       Turns: 2936, Time: 00:02:59

Health: -2/30      AC:  3    Str:  9    XL:     4   Next: 58%
Magic:  0/7        EV: 12    Int: 18    God:
Gold:   104        SH:  0    Dex: 13    Spells: 7/8 levels left

rFire   . . .        n - +0 club
rCold   . . .        (no shield)
rNeg    . . .        a - +0 robe
rPois   +            (helmet restricted)
rElec   .            (no cloak)
rCorr   .            (no gloves)
SInv    .            (no boots)
Will    .....        (no amulet)
Stlth   ++           y - ring of poison resistance
HPRegen 0.25/turn    (no ring)
MPRegen 0.10/turn

%: no passive effects
@: no status effects
A: antennae 1, rugged brown scales 1
a: no special abilities


You were on level 6 of the Dungeon.
You visited 1 branch of the dungeon, and saw 4 of its levels.

You collected 104 gold pieces.

Inventory:

Hand Weapons
 n - a +0 club (weapon)
 P - a +1 long sword of flaming
Missiles
 J - 10 poisoned darts
Armour
 a - a +0 robe (worn)
Magical Staves
 N - a staff of fire
Jewellery
 y - a ring of poison resistance (left hand)
Scrolls
 o - 3 scrolls of identify {unknown}
 p - a scroll of blinking {unknown}
 r - a scroll of noise {unknown}
 u - a scroll of teleportation {unknown}
 v - a scroll of amnesia {unknown}
 w - a scroll of poison {unknown}
 M - a scroll of enchant armour {unknown}
 O - a scroll of magic mapping {unknown}
Potions
 m - a potion of magic
 q - a potion of ambrosia {unknown}
 s - a potion of degeneration {unknown}
 t - 2 potions of haste {unknown}
 x - a potion of berserk rage {unknown}
 K - a potion of curing {unknown}
 L - a potion of might {unknown}
 Q - a potion of mutation {unknown}


   Skills:
 + Level 2.4 Dodging
 + Level 2.6 Stealth
 + Level 2.6 Spellcasting
 + Level 2.1 Conjurations
 + Level 3.3 Fire Magic


You had 7 spell levels left.
You knew the following spells:

 Your Spells              Type           Power      Damage    Failure   Level
z - Foxfire               Conj/Fire      48%        2x1d6     5%          1

Your spell library contained the following spells:

 Spells                   Type           Power      Damage    Failure   Level
 Scorch                   Fire           28%        2d6       7%          2
 Inner Flame              Hex/Fire       8%         N/A       26%         3
 Volatile Blastmotes      Fire/Tloc      16%        2d11      26%         3
 Flame Wave               Conj/Fire      12%        2d6       50%         4


Dungeon Overview and Level Annotations

Branches:
Dungeon (6/15)
 Temple: D:4-7

Altars:

Shops:
D:2 (


Innate Abilities, Weirdness & Mutations

You have a pair of small antennae on your head.
You are partially covered in rugged brown scales. (AC +1, +3% HP)


Message History

The hobgoblin shouts!
The hobgoblin closely misses you.
You hear a shout!
The hobgoblin barely misses you.
You conjure some foxfire!
The hobgoblin misses you.
A kobold comes into view. It is wielding a +0 short sword.
You conjure some foxfire!
The foxfire hits the hobgoblin.
You kill the hobgoblin!
You conjure some foxfire!
The foxfire hits the kobold.
The kobold is heavily wounded.
The foxfire hits the kobold but does no damage.
The kobold is heavily wounded.
The foxfire hits the kobold.
The kobold is severely wounded.
A kobold is nearby!
A kobold is nearby!
A kobold is nearby!
You conjure some foxfire!
You conjure some foxfire!
The foxfire hits the kobold.
You kill the kobold!
You conjure some foxfire!
Your foxfire dissipates!
Your foxfire dissipates! x2
Your foxfire dissipates! x2
A sourceless malevolence fills the Dungeon...
You fall into a shaft and drop 3 floors!
The shaft crumbles and collapses.
Found a fizzy grey potion, a ring mail and 2 throwing nets.
Found a stone staircase leading down and a stone staircase leading up.
Q - a fizzy grey potion You see here a +0 ring mail.
A scorpion comes into view.
You conjure some foxfire!
You conjure some foxfire!
The foxfire hits the scorpion.
The scorpion is moderately wounded.
You conjure some foxfire!
The foxfire hits the scorpion but does no damage.
The scorpion is moderately wounded.
The foxfire hits the scorpion but does no damage.
The scorpion is moderately wounded.
You miscast Foxfire.
You are very lightly contaminated with residual magic.
Nothing appears to happen.
The foxfire hits the scorpion.
The scorpion is moderately wounded.
The foxfire hits the scorpion but does no damage.
The scorpion is moderately wounded.
You conjure some foxfire!
The scorpion stings you but does no damage.
You conjure some foxfire!
The foxfire hits the scorpion.
The scorpion is heavily wounded.
The foxfire hits the scorpion.
The scorpion is heavily wounded.
The scorpion stings you.
You conjure some foxfire!
The scorpion stings you.
You are poisoned.
The scorpion poisons you!
The scorpion stings you but does no damage.
You hit the scorpion but do no damage.
The scorpion is heavily wounded.
You feel very sick.
The foxfire hits the scorpion but does no damage.
The scorpion is heavily wounded.
The foxfire hits the scorpion.
The scorpion is severely wounded.
The foxfire hits the scorpion.
The scorpion is almost dead.
The scorpion misses you.
You feel sick.
You see here a +0 ring mail.
Casting: Foxfire (safe; 5% risk of failure)
Press: ? - help, Q - select action, (/) - cycle Dir - look around, f - activate You conjure some foxfire!
You feel sick. The scorpion stings you. The scorpion barely misses you.
Your magical contamination has completely faded away.
You hit the scorpion but do no damage.
The scorpion is severely wounded.
You feel sick.
The foxfire hits the scorpion.
The scorpion is almost dead.
The foxfire hits the scorpion but does no damage.
The scorpion is almost dead.
The scorpion barely misses you.
You hit the scorpion but do no damage.
The scorpion is almost dead.
You feel sick.
The scorpion stings you but does no damage.
The scorpion stings you.
* * * LOW HITPOINT WARNING * * *
You hit the scorpion but do no damage.
The scorpion is almost dead.
You feel sick. The scorpion stings you.
* * * LOW HITPOINT WARNING * * *
You hit the scorpion but do no damage.
The scorpion is almost dead.
You feel sick.
You are no longer poisoned.
The scorpion misses you. x2
You closely miss the scorpion.
The scorpion is almost dead.
The scorpion stings you!
You die...

#. ##... .#
#.######... ..#
......#..##....
#..#...#.#.#.#
#....>.......#
#........#.#
##.........#
#.#.#..##.# .
#.#@.##....
#.#s.....<#
..#.###.###
###.# .# (.# #
... ..## #. #.


You could see a scorpion.

Vanquished Creatures
  A gnoll (D:1)
  3 adders (D:3)
  A worm (D:2)
  2 dart slugs
  An orc (D:3)
  5 ball pythons
  3 bats (D:1)
  8 endoplasms
  A giant cockroach (D:3)
  3 goblins (D:2)
  7 hobgoblins
  6 jackals
  3 quokkas
  2 frilled lizards
  10 kobolds
  3 rats
59 creatures vanquished.

Vanquished Creatures (others)
  206 foxfires
206 creatures vanquished.

Grand Total: 265 creatures vanquished

Notes
Turn   | Place    | Note
-------+----------+-------------------------------------------
     0 | D:1      | browni3141 the Demonspawn Fire Elementalist began the quest
                  | for the Orb.
     0 | D:1      | Reached XP level 1. HP: 13/13 MP: 3/3
   270 | D:1      | Gained mutation: You are partially covered in rugged brown
                  | scales. (AC +1, +3% HP) [demonic ancestry]
   270 | D:1      | Reached XP level 2. HP: 13/19 MP: 1/5
   714 | D:1      | Reached skill level 3 in Fire Magic
   714 | D:1      | Reached XP level 3. HP: 10/24 MP: 1/6
  1290 | D:2      | Found a faded altar of an unknown god.
  1936 | D:2      | Found Juinik's Antique Weapon Shop.
  2444 | D:3      | Gained mutation: You have a pair of small antennae on your
                  | head. [demonic ancestry]
  2444 | D:3      | Reached XP level 4. HP: 30/30 MP: 4/7
  2913 | D:3      | You fall into a shaft and drop 3 floors!
  2921 | D:6      | Noticed a scorpion
  2936 | D:6      | Slain by a scorpion

Illustrated notes

Levels and vault maps discovered:
D:1:      nzn_arrival_crosshair, layout_basic, minmay_misc_feat_roman,
          nicolae_kite_square_tiling_tiny
D:2:      layout_basic, ebering_ecumenical_altar_petrified, serial_shops,
          nicolae_diamond_shop
D:3:      layout_loops_cross
D:6:      layout_basic, mainiacjoe_overflow_small_starburst,
          minmay_temple_entry_poolview, uniq_edmund

Skill      XL: |  1  2  3  4 |
---------------+-------------+-----
Stealth        | 2 |  2.6
Dodging        | 2 |  2.4
Fire Magic     | 3 |  3.3
Conjurations   | 2 |  2.1
Spellcasting   | |  2.6

Action                     |  1- 3 |  4- 6 || total
---------------------------+-------+-------++-------
  Melee: Unarmed           |     6 |       ||     6
         Club              |    35 |    24 ||    59
         Punch             |     1 |     1 ||     2
   Cast: Foxfire           |    93 |    35 ||   128
 Armour: Robe              |    15 |    18 ||    33
  Dodge: Dodged            |    44 |    37 ||    81
